 Dungeon Crawl Stone Soup version 0.29.1-2-gbd0b4ee654 (webtiles) character file.

Game seed: 14592839542057232091

26987 DemonSlayer the Thaumaturge (level 13, -4/85 HPs)
             Began as a Demonspawn Fire Elementalist on Nov 18, 2022.
             Was a High Priest of Dithmenos.
             Slain by a swamp worm (17 damage)
             ... on level 3 of the Lair of Beasts.
             The game lasted 00:48:03 (17799 turns).

DemonSlayer the Thaumaturge (DsFE)                 Turns: 17799, Time: 00:48:04

Health: -4/85      AC:  4    Str: 12    XL:     13   Next: 1%
Magic:  29/29      EV: 22    Int: 18    God:    Dithmenos [*****.]
Gold:   1543       SH:  5    Dex: 16    Spells: 3/36 levels left

rFire   + . .      SeeInvis .   x - +4 dagger (speed)
rCold   + . .      Faith    .   (no shield)
rNeg    . . .      Spirit   .   d - +1 robe {rC+ rF+}
rPois   .          Reflect  +   (no helmet)
rElec   .          Harm     .   (no cloak)
rCorr   .          Rampage  .   q - +0 pair of gloves
Will    .....                   (no boots)
Stlth   +++++++++.              y - amulet of reflection
HPRegen 0.24/turn               f - +4 ring of evasion
MPRegen 0.21/turn               (no ring)

@: agile, wreathed by umbra
A: thin skeletal structure 1, powered by pain 2, demonic magic 3, weakness
stinger 1
a: Renounce Religion, Shadow Step, Shadow Form


You were on level 3 of the Lair of Beasts.
You worshipped Dithmenos.
Dithmenos was extremely pleased with you.
You visited 2 branches of the dungeon, and saw 12 of its levels.

You collected 1798 gold pieces.
You spent 255 gold pieces at shops.

Inventory:

Hand Weapons
 x - a +4 dagger of speed (weapon)
Missiles
 g - a throwing net
 k - 17 poisoned darts
 u - 12 boomerangs
Armour
 d - a +1 robe of resistance (worn)
 q - a +0 pair of gloves (worn)
Jewellery
 f - a +4 ring of evasion (left hand)
 y - an amulet of reflection (around neck)
Wands
 c - a wand of quicksilver (3)
 i - a wand of roots (1)
 t - a wand of flame (22)
Scrolls
 l - 5 scrolls of amnesia
 r - 2 scrolls of teleportation
 v - 2 scrolls of vulnerability
Potions
 a - a potion of magic
 b - 4 potions of ambrosia
 e - 3 potions of haste
 h - a potion of invisibility {unknown}
 m - 6 potions of curing
 n - 2 potions of brilliance
 o - 5 potions of attraction
 p - a potion of might
 w - 2 potions of flight
 z - a potion of berserk rage
Miscellaneous
 C - a phial of floods


   Skills:
 + Level 2.7 Fighting
 + Level 3.3 Short Blades
 + Level 1.9 Throwing
 + Level 2.5 Armour
 + Level 3.3 Dodging
 + Level 10.5 Stealth
 + Level 0.8 Shields
 + Level 12.4 Spellcasting
 + Level 3.5 Conjurations
 + Level 11.6 Fire Magic
 + Level 0.7 Air Magic
 + Level 1.3 Evocations


You had 3 spell levels left.
You knew the following spells:

 Your Spells              Type           Power      Damage    Failure   Level
a - Foxfire               Conj/Fire      100%       2x1d9     1%          1
b - Scorch                Fire           100%       2d10      1%          2
c - Conjure Flame         Conj/Fire      38%        6-21      1%          3
d - Flame Wave            Conj/Fire      38%        2d10      2%          4
e - Swiftness             Air            13%        N/A       14%         3
f - Airstrike             Air            6%         2d(1-17)  43%         4
g - Sticky Flame          Conj/Fire      38%        2d6       2%          4
h - Dispel Undead         Necr           11%        3d9       52%         4
i - Summon Horrible Thin  Summ           5%         N/A       100%        8

Your spell library contained the following spells:

 Spells                   Type           Power      Damage    Failure   Level
 Inner Flame              Hex/Fire       32%        N/A       1%          3
 Shock                    Conj/Air       72%        1d7       2%          1
 Static Discharge         Conj/Air       18%        3-6/arc   4%          2
 Ensorcelled Hibernation  Hex/Ice        22%        N/A       10%         2
 Passwall                 Tmut/Erth      9%         N/A       10%         2
 Malign Gateway           Summ/Tloc      5%         N/A       100%        7


Dungeon Overview and Level Annotations

Branches:
Dungeon (9/15)             Temple (0/1) D:7            Lair (3/5) D:9
 Spider (0/4) Lair:3
  Swamp: Lair:2-3    Shoals: Lair:2-3       Orc: D:9-12

Altars:
Ashenzari
Cheibriados
Dithmenos
Nemelex Xobeh
Ru
Sif Muna
Uskayaw
Wu Jian

Shops:
D:4 ?   D:7 *

Annotations:
D:3 2 transporters, bullfish's ghost, amateur KoHu
D:5 2 transporters, qeuew's ghost, novice DsAK


Innate Abilities, Weirdness & Mutations

You have a somewhat thin skeletal structure. (Dex +2, Stealth+)
You sometimes gain power by taking damage.
Spells you cast and wands you use may paralyse nearby enemies.
You have a small tail.


Message History

Flames lash the tyrant leech.
The tyrant leech is burned terribly!
The tyrant leech is severely wounded.
Malevolent energies surge around you. The tyrant leech closely misses you.
Flames lash the tyrant leech.
The tyrant leech is burned terribly!
The tyrant leech is almost dead.
Malevolent energies surge around you. The tyrant leech bites you!!
* * * LOW HITPOINT WARNING * * *
You focus on the pain.
You feel agile all of a sudden.
The tyrant leech draws strength from your injuries!
Casting: Scorch (safe; 1% risk of failure)
Confirm with . or Enter, or press ? or * to list all spells.
Flames lash the tyrant leech.
The tyrant leech is burned terribly!
You kill the tyrant leech!
Dithmenos accepts your kill. Malevolent energies surge around you.
Unknown command.
You feel a little less agile now.
A swamp worm comes into view.
A swamp worm is nearby!
A swamp worm is nearby!
A swamp worm is nearby!
A swamp worm is nearby!
The swamp worm fires a harpoon shot at you.
The harpoon shot misses you.
The swamp worm fires a harpoon shot at you.
The harpoon shot hits you!
You are yanked forward by the harpoon shot.
The swamp worm fires a harpoon shot at you.
The harpoon shot misses you.
There is a shaft here.
The swamp worm fires a harpoon shot at you.
The harpoon shot hits you!!
* * * LOW HITPOINT WARNING * * *
You focus on the pain.
You feel agile all of a sudden.
You are yanked forward by the harpoon shot.
There is a shaft here.
You closely miss the swamp worm. The swamp worm bites you!
You die...

♣..#### # ### ##♣ ♣.....#
###.###.♣ ♣....# #.......#♣
♣....## .........♣♣ ♣♣.....######
#.........♣♣♣♣♣.....÷..#..#######
............................##.#.
................w................
................@................
..)..............................
.................................
.................................
............##...................
.................#...............
...........P....#...........#.##P
................#.....#...#######
.............##.......#P###


You could see a swamp worm.

Vanquished Creatures
  Harold (D:9)
  A hydra (Lair:3)
  2 catoblepae
  Pikel (D:8)
  7 elephants
  Joseph (D:7)
  4 black mambas
  6 cane toads
  A gargoyle (D:8)
  Maurice (D:8)
  Psyche (D:8)
  Maggie (D:6)
  A rime drake (Lair:1)
  5 komodo dragons
  A troll (D:9)
  A polar bear (Lair:1)
  A queen bee (Lair:3)
  Prince Ribbit (D:6)
  2 tyrant leeches (Lair:3)
  9 blink frogs
  3 fire bats (Lair:1)
  A wyvern (D:9)
  38 yaks
  A redback (Lair:3)
  10 water moccasins
  An orc warrior (D:8)
  An ice beast (D:7)
  3 black bears
  An ogre (D:4)
  5 wolves (Lair:2)
  A centaur (D:9)
  A phantom (D:4)
  A kobold brigand (D:9)
  11 bullfrogs
  5 scorpions
  4 necrophages (D:4)
  23 wights
  26 killer bees
  2 howler monkeys (D:9)
  A lava snake (Lair:1)
  3 centaur zombies (D:8)
  2 hounds
  2 gnoll boudas
  4 orc priests
  Jessica (D:2)
  Terence (D:2)
  4 orc wizards (D:8)
  6 iguanas
  3 killer bee zombies (D:8)
  2 howler monkey zombies (D:8)
  8 gnolls (D:6)
  7 adders
  2 shadow imps
  A white imp (D:8)
  An ufetubus (D:4)
  4 worms
  5 dart slugs
  22 orcs
  11 ball pythons
  5 bats
  7 endoplasms
  4 giant cockroaches
  5 goblins
  7 hobgoblins
  14 kobolds
  3 quokkas
  3 frilled lizards (D:1)
  6 rats
330 creatures vanquished.

Vanquished Creatures (others)
  An orc priest (D:8)
  A fire vortex (Lair:1)
  164 foxfires
  27 fungi
  53 plants
  13 withered plants (D:8)
259 creatures vanquished.

Grand Total: 589 creatures vanquished

Notes
Turn   | Place    | Note
-------+----------+-------------------------------------------
     0 | D:1      | DemonSlayer the Demonspawn Fire Elementalist began the
                  | quest for the Orb.
     0 | D:1      | Reached XP level 1. HP: 13/13 MP: 3/3
   254 | D:1      | Gained mutation: You have a small tail. [demonic ancestry]
   254 | D:1      | Reached XP level 2. HP: 16/19 MP: 0/5
   257 | D:1      | Learned a level 2 spell: Scorch
  1021 | D:1      | Gained mutation: Spells you cast may paralyse adjacent
                  | enemies. [demonic ancestry]
  1021 | D:1      | Reached XP level 3. HP: 24/24 MP: 6/6
  1057 | D:1      | Learned a level 3 spell: Conjure Flame
  1179 | D:2      | Noticed Terence
  1279 | D:3      | Noticed a black bear
  1301 | D:3      | Found a shadowy altar of Dithmenos.
  1312 | D:3      | Killed a black bear
  1313 | D:3      | Reached skill level 1 in Armour
  1313 | D:3      | Gained mutation: You sometimes gain a little power by
                  | taking damage. [demonic ancestry]
  1313 | D:3      | Reached XP level 4. HP: 30/30 MP: 4/8
  1344 | D:3      | Found a sacrificial altar of Ru.
  1359 | D:3      | Found a shimmering blue altar of Sif Muna.
  1365 | D:3      | Found an ornate altar of the Wu Jian Council.
  1437 | D:3      | Found a transporter.
  1441 | D:3      | Gained mutation: You sometimes gain power by taking damage.
                  | [demonic ancestry]
  1441 | D:3      | Reached XP level 5. HP: 35/35 MP: 4/9
  1484 | D:3      | Found a transporter.
  1485 | D:3      | Noticed bullfish's ghost (amateur KoHu)
  1485 | D:3      | Identified the +7 great mace of Moral Flaws {vamp, *Rage
                  | Str+6}
  1485 | D:3      | Noticed an ogre
  1728 | D:3      | Reached skill level 3 in Spellcasting
  1960 | D:3      | Found a faded altar of an unknown god.
  2178 | D:3      | Noticed a water moccasin
  2181 | D:3      | Killed a water moccasin
  2389 | D:3      | Became a worshipper of Dithmenos the Shadowed
  2460 | D:2      | Killed Terence
  2461 | D:2      | Reached XP level 6. HP: 23/42 MP: 11/11
  2796 | D:2      | Noticed Jessica
  2800 | D:2      | Killed Jessica
  3151 | D:2      | Learned a level 4 spell: Flame Wave
  3512 | D:4      | Reached skill level 4 in Spellcasting
  3514 | D:4      | Reached XP level 7. HP: 35/47 MP: 2/13
  3861 | D:4      | Found Hubrag's Magic Scroll Shop.
  3911 | D:4      | Reached skill level 5 in Fire Magic
  4404 | D:4      | Bought a scroll of identify for 28 gold pieces
  4404 | D:4      | Bought a scroll of teleportation for 42 gold pieces
  4404 | D:4      | Bought a scroll of blinking for 105 gold pieces
  4410 | D:4      | Learned a level 3 spell: Swiftness
  4488 | D:5      | Entered Level 5 of the Dungeon
  4505 | D:5      | Reached * piety under Dithmenos
  4506 | D:5      | Reached skill level 5 in Spellcasting
  4677 | D:5      | Found a transporter.
  5006 | D:5      | Found a transporter.
  5009 | D:5      | Noticed qeuew's ghost (novice DsAK)
  5049 | D:5      | Found a snail-covered altar of Cheibriados.
  5318 | D:6      | Reached XP level 8. HP: 53/53 MP: 14/16
  5605 | D:6      | Noticed Prince Ribbit
  5611 | D:6      | Killed Prince Ribbit
  5611 | D:6      | Noticed Maggie
  5612 | D:6      | Reached skill level 1 in Short Blades
  5612 | D:6      | Reached skill level 6 in Spellcasting
  5623 | D:6      | Killed Maggie
  5624 | D:6      | Reached skill level 1 in Fighting
  5848 | D:6      | Reached skill level 1 in Throwing
  5848 | D:6      | Reached XP level 9. HP: 58/59 MP: 8/19
  6654 | D:6      | Reached ** piety under Dithmenos
  6656 | D:6      | Reached skill level 7 in Spellcasting
  6713 | D:6      | Learned a level 4 spell: Airstrike
  6771 | D:7      | Identified the +2 ring mail "Fuora" {Will++}
  6807 | D:7      | Found a staircase to the Ecumenical Temple.
  6873 | D:7      | Found Vooq's General Store.
  6882 | D:7      | Bought a scroll of identify for 32 gold pieces
  6882 | D:7      | Bought a scroll of teleportation for 48 gold pieces
  6971 | D:7      | Noticed Joseph
  6976 | D:7      | Found a broken altar of Ashenzari.
  6981 | D:7      | Killed Joseph
  6982 | D:7      | Reached skill level 5 in Stealth
  7646 | D:8      | Noticed Psyche
  7755 | D:7      | Found a hide-covered altar of Uskayaw.
  8256 | D:7      | Learned a level 4 spell: Sticky Flame
  8262 | D:7      | Identified a scroll of acquirement
  8262 | D:7      | Acquired 1078 gold pieces
  8549 | D:8      | Killed Psyche
  8550 | D:8      | Reached skill level 8 in Spellcasting
  8550 | D:8      | Gained mutation: Spells you cast may paralyse nearby
                  | enemies. [demonic ancestry]
  8550 | D:8      | Reached XP level 10. HP: 39/67 MP: 11/22
  8987 | D:8      | Noticed Maurice
  8994 | D:8      | Noticed Pikel
  9015 | D:8      | Killed Pikel
  9017 | D:8      | Reached *** piety under Dithmenos
  9022 | D:8      | Killed Maurice
  9022 | D:8      | Noticed a gargoyle
  9616 | D:8      | Killed a gargoyle
 10056 | D:8      | Learned a level 4 spell: Dispel Undead
 10089 | D:9      | Noticed Harold
 10099 | D:9      | Killed Harold
 10100 | D:9      | Reached skill level 1 in Evocations
 10121 | D:9      | Reached skill level 9 in Spellcasting
 10503 | D:9      | Reached XP level 11. HP: 72/72 MP: 18/24
 10748 | D:9      | Found a staircase to the Lair.
 10836 | D:9      | Found a sparkling altar of Nemelex Xobeh.
 10976 | Lair:1   | Entered Level 1 of the Lair of Beasts
 11101 | Lair:1   | Reached **** piety under Dithmenos
 11124 | Lair:1   | Noticed a catoblepas
 11138 | Lair:1   | HP: 1/72 [catoblepas (20)]
 12037 | Lair:1   | You fall into a shaft and drop 1 floor!
 12052 | Lair:2   | Reached skill level 10 in Spellcasting
 12890 | Lair:2   | Reached skill level 10 in Fire Magic
 13361 | Lair:1   | Killed a catoblepas
 13659 | Lair:1   | Reached ***** piety under Dithmenos
 13835 | Lair:1   | Gained mutation: Spells you cast and wands you use may
                  | paralyse nearby enemies. [demonic ancestry]
 13835 | Lair:1   | Reached XP level 12. HP: 63/80 MP: 12/26
 13944 | Lair:1   | Reached skill level 11 in Spellcasting
 14265 | Lair:1   | Learned a level 8 spell: Summon Horrible Things
 14345 | Lair:3   | Noticed an eight-headed hydra
 14551 | Lair:3   | Killed an eight-headed hydra
 15199 | Lair:3   | Noticed a catoblepas
 15542 | Lair:3   | Found a hole to the Spider Nest.
 15558 | Lair:3   | Reached skill level 10 in Stealth
 16506 | Lair:2   | Reached skill level 12 in Spellcasting
 17109 | Lair:3   | Killed a catoblepas
 17572 | Lair:3   | Gained mutation: You have a somewhat thin skeletal
                  | structure. (Dex +2, Stealth+) [demonic ancestry]
 17572 | Lair:3   | Reached XP level 13. HP: 55/85 MP: 27/29
 17799 | Lair:3   | Slain by a swamp worm

Illustrated notes

Levels and vault maps discovered:
D:1:      shiori_arrival_elements, layout_basic
D:2:      layout_rooms, hangedman_decor_riveting,
          amcnicky_mini_corridor_feature, uniq_terence, uniq_jessica
D:3:      kennysheep_six_static_rooms, layout_basic, grunt_temple_overflow_open,
          gammafunk_ghost_smash, nicolae_ecumenical_oubliette
D:4:      layout_basic, serial_shops, nicolae_inconvenience_store,
          bh_walls_and_bars
D:5:      layout_rooms, kennysheep_slug_shrine, gammafunk_ghost_stat_death,
          amcnicky_mini_pool_small, roderic_roman_lattice
D:6:      layout_loops_ring, nicolae_concentric_dashed_squares_wild,
          uniq_maggie, uniq_prince_ribbit1
D:7:      layout_loops_cross, mainiacjoe_overflow_24_doors,
          mainiacjoe_overflow_tiny_flanked, minmay_temple_entry_wispy,
          serial_shops, shop, uniq_joseph
D:8:      layout_basic, serial_undead, serial_undead_a, serial_undead_b,
          serial_undead_f, serial_undead_c, serial_undead_d, serial_undead_b,
          serial_undead_c, minmay_microvault, uniq_psyche, uniq_maurice,
          uniq_pikel
D:9:      layout_cave_pools, nicolae_overflow_crystal_walls,
          david_lair_shrubbed, st_stairs_7, uniq_harold
Lair:1:   layout_chaotic_city
Lair:2:   layout_regular_city, lemuel_fruit_tree
Lair:3:   layout_hall_layers, minmay_swamp_entry_worms, spider_nest_entry_webs,
          special_room [special_room_bee]

Skill      XL: |  1  2  3  4  5  6  7  8  9 10 11 12 |
---------------+-------------------------------------+-----
Fire Magic     | 3 4 5 6 7 9 10 11 | 11.6
Armour         | 1 2 |  2.5
Stealth        | 2 3 4 6 8 9 10 | 10.5
Conjurations   | 2 3 |  3.5
Spellcasting   | 3 4 5 6 8 9 10 12 | 12.4
Short Blades   | 1 2 3 |  3.3
Fighting       | 1 2 |  2.7
Throwing       | 1 |  1.9
Dodging        | 2 3 |  3.3
Evocations     | 1 |  1.3
Shields        | |  0.8
Air Magic      | |  0.7

Action                   |  1- 3 |  4- 6 |  7- 9 | 10-12 | 13-15 || total
-------------------------+-------+-------+-------+-------+-------++-------
Melee: Dagger            |    13 |    22 |    60 |   182 |     2 ||   279
       Halberd           |     8 |       |       |       |       ||     8
       Tailslap          |     1 |     1 |     2 |    16 |       ||    20
       Unarmed           |       |       |     3 |       |       ||     3
       Punch             |       |       |       |     5 |       ||     5
Throw: Dart              |       |     4 |     2 |     3 |       ||     9
       Boomerang         |       |       |       |    13 |       ||    13
       Throwing net      |       |       |       |     5 |       ||     5
 Cast: Foxfire           |    53 |    29 |     2 |     8 |       ||    92
       Scorch            |     1 |    40 |   118 |   250 |     7 ||   416
       Flame Wave        |       |       |     1 |    18 |       ||    19
       Conjure Flame     |       |       |       |     1 |       ||     1
       Sticky Flame      |       |       |       |     3 |       ||     3
       Swiftness         |       |       |       |     1 |       ||     1
Evoke: Wand              |       |       |     4 |    15 |       ||    19
  Use: Potion            |     1 |       |     1 |     4 |       ||     6
       Scroll            |       |       |    14 |    21 |       ||    35
 Stab: Paralysed         |     2 |     8 |    43 |   115 |       ||   168
       Sleeping          |       |       |     7 |    11 |       ||    18
Armor: Leather armour    |     6 |     5 |     3 |       |       ||    14
       Acid dragon scale |       |       |     8 |     1 |       ||     9
       Robe              |       |       |       |    32 |       ||    32
Dodge: Dodged            |    23 |    27 |    51 |   206 |     3 ||   310
Block: Other             |       |       |     1 |    41 |       ||    42
       Reflection        |       |       |       |     2 |       ||     2
